 Dungeon Crawl Stone Soup version 0.27-a0-1301-g128193abf8 (webtiles) character file.

Game seed: 4104786130285836741

9 flotson the Sneak (level 2, -1/24 HPs)
             Began as a Demonspawn Delver on June 18, 2021.
             Killed from afar by an orc wizard (3 damage)
             ... with a magic dart
             ... on level 4 of the Dungeon.
             The game lasted 00:01:53 (630 turns).

flotson the Sneak (Demonspawn Delver)                Turns: 630, Time: 00:01:54

Health: -1/24      AC:  5    Str: 12    XL:     2   Next: 6%
Magic:  2/2        EV: 12    Int: 11    God:
Gold:   27         SH:  0    Dex: 14    Spells: 1/1 levels left

rFire    . . .     SeeInvis .   a - +0 hand axe
rCold    . . .     Faith    .   (no shield)
rNeg     . . .     Spirit   .   b - +0 leather armour
rPois    .         Reflect  .   (no helmet)
rElec    .         Harm     .   j - +0 cloak
rCorr    .         Rampage  .   h - +0 pair of gloves
Will     .....                  (no boots)
Stlth    ++........             (no amulet)
HPRegen  0.08/turn              (no ring)
MPRegen  0.08/turn              (no ring)

@: no status effects
A: talons 1
a: no special abilities


You were on level 4 of the Dungeon.
You visited 1 branch of the dungeon, and saw 2 of its levels.

You collected 27 gold pieces.

Inventory:

Hand Weapons
 a - a +0 hand axe (weapon)
Armour
 b - a +0 leather armour (worn)
 h - a +0 pair of gloves (worn)
 j - a +0 cloak (worn)
Wands
 g - a wand of digging (3)
Scrolls
 c - a scroll of fog
 i - a scroll of amnesia {unknown}
Potions
 k - a potion of curing {unknown}


   Skills:
 + Level 3.1 Fighting
 + Level 2.0 Axes
 + Level 0.5 Armour
 + Level 2.0 Dodging
 - Level 4.5 Stealth


You had one spell level left.
You didn't know any spells.
Your spell library was empty.

Dungeon Overview and Level Annotations

Branches:
Dungeon (5/15)
 Temple: D:4-7

Altars:


Innate Abilities, Weirdness & Mutations

You have sharp toenails.


Message History

The magic dart hits you but does no damage.
You closely miss the orc wizard.
An orc priest comes into view. It is wielding a +0 hand axe.
The orc wizard hits you but does no damage.
The orc priest shouts!
You hit the orc wizard but do no damage.
You hear a shout!
The orc wizard casts a spell at you. The magic dart hits you.
You hit the orc wizard.
The orc wizard is lightly wounded.
The orc wizard hits you but does no damage.
You hit the orc wizard but do no damage.
Your kick misses the orc wizard.
The orc wizard is lightly wounded.
The orc wizard closely misses you.
An orc comes into view. It is wielding a +0 flail.
The orc wizard closely misses you.
The orc moves out of view.
You hit the orc wizard but do no damage.
Your kick misses the orc wizard.
The orc wizard is lightly wounded.
The orc priest mumbles some strange prayers to Beogh against you.
Beogh smites you!
Ouch! That really hurt!
* * * LOW HITPOINT WARNING * * *
The orc wizard hits you with a +0 dagger.
* * * LOW HITPOINT WARNING * * *
As you read the scroll of fear, it crumbles to dust.
You assume a fearsome visage.
The orc looks frightened! x2
The orc wizard looks frightened!
The orc looks frightened!
The orc priest looks frightened!
The jackal looks frightened! x4
The orc wizard mumbles some strange words.
The orc wizard flickers and vanishes!
Deactivating autopickup; reactivate with Ctrl-A.
Cornered, the jackal turns to fight!
You hear some strange, mumbled words.
Something tries to affect you, but you resist.
A magic dart appears from out of thin air!
The magic dart hits you.
You die...

... ... h.# #.# #.#
#h# #.# #.# #o# #.#
#.# #.# #.# #.# #h#
#.# #.# #.#
#########.######.###{#
.....†...............#
#########.######@#####
#######.######.#
...............#
################


There were no monsters in sight!

Vanquished Creatures
  An ufetubus (D:4)
  3 jackals (D:4)
4 creatures vanquished.

Vanquished Creatures (others)
  7 toadstools (D:4)
7 creatures vanquished.

Grand Total: 11 creatures vanquished

Notes
Turn   | Place    | Note
-------+----------+-------------------------------------------
     0 | D:5      | flotson the Demonspawn Delver began the quest for the Orb.
     0 | D:5      | Reached XP level 1. HP: 18/18 MP: 1/1
    10 | D:5      | Noticed an ogre
   277 | D:5      | Noticed a hound
   278 | D:5      | Noticed an orc wizard
   278 | D:5      | Noticed an orc priest
   595 | D:4      | Gained mutation: You have sharp toenails. [demonic
                  | ancestry]
   595 | D:4      | Reached XP level 2. HP: 24/24 MP: 2/2
   630 | D:4      | Killed from afar by an orc wizard

Illustrated notes

Levels and vault maps discovered:
D:4:      cheibrodos_fertilizer, layout_basic, gammafunk_ghost_mausoleum,
          minmay_starry_boxes
D:5:      layout_basic, kennysheep_generic_room_4

Skill      XL: |  1 |
---------------+----+-----
Axes           | 2 |  2.0
Dodging        | 2 |  2.0
Fighting       | |  3.1
Armour         | |  0.5
Stealth        | |  4.5

Action                   || total
-------------------------++-------
Melee: Hand axe          ||    16
  Use: Scroll            ||     2
       Potion            ||     1
Armor: Leather armour    ||     9
Dodge: Dodged            ||    15

Table legend: (Time is in decaauts)
 A = Elapsed time spent in this place.
 B = Non-inter-level travel time spent in this place.
 C = Inter-level travel time spent in this place.
 D = Time resting spent in this place.
 E = Time spent auto-exploring this place.
 F = Levels seen in this place.
 G = Mean time per level.
                   A        B        C        D        E       F      G
               +--------+--------+--------+--------+--------+-----+--------+
         Total |    614 |    614 |      0 |      0 |    273 |   2 |  307.0 |
       Dungeon |    614 |    614 |      0 |      0 |    273 |   2 |  307.0 |
               +--------+--------+--------+--------+--------+-----+--------+

Top non-repeatable levels by time:
     D:5: 338 daAuts
     D:4: 276 daAuts
